 Dungeon Crawl Stone Soup version 0.24-a0-581-gc0fa660 (webtiles) character file.

Game seed: 9031660427899853847

8197 inevitable the Cleaver (level 11, 0/148 HPs)
             Began as a Minotaur Fighter on Aug 25, 2019.
             Was a High Priest of Okawaru.
             Slain by an orc priest (4 damage)
             ... on level 10 of the Dungeon.
             The game lasted 00:26:58 (9389 turns).

inevitable the Cleaver (Minotaur Fighter)           Turns: 9389, Time: 00:26:59

Health: 0/148      AC: 28    Str: 24    XL:     11   Next: 6%
Magic:  11/12      EV:  2    Int:  5    God:    Okawaru [*****.]
Gold:   450        SH: 12    Dex: 10    Spells: 10/10 levels left

rFire    . . .     SeeInvis .   R - +0 hand axe (elec)
rCold    . . .     Gourm    .   c - +0 shield
rNeg     + + +     Faith    +   (armour currently unavailable)
rPois    +         Spirit   .   (helmet currently unavailable)
rElec    .         Reflect  .   (cloak currently unavailable)
rCorr    +         Harm     .   (gloves currently unavailable)
MR       .....     NoTele   +   (boots currently unavailable)
Stlth    +++.......             F - amulet of faith
HPRegen  0.34/turn              q - ring of resist corrosion
MPRegen  0.13/turn              A - +3 ring of protection

@: tree-form, heroism
A: (retaliatory headbutt)
a: Heroism, Finesse, Renounce Religion


You were on level 10 of the Dungeon.
You worshipped Okawaru.
Okawaru was extremely pleased with you.
You were hungry.
You were a tree.
You visited 2 branches of the dungeon, and saw 11 of its levels.

You collected 450 gold pieces.

Inventory:

Hand Weapons
 t - a +1 antimagic hand axe
 R - a +0 hand axe of electrocution (weapon)
Missiles
 d - 42 poisoned darts
 s - 3 atropa-tipped darts (quivered)
Armour
 c - a +0 shield (worn)
 j - a +2 ring mail of poison resistance (melded)
 E - a +0 cloak of invisibility (melded)
 Q - a +1 hat (melded)
Jewellery
 o - an uncursed ring of ice
 q - a ring of resist corrosion (left branch)
 w - an uncursed ring of stealth
 A - a +3 ring of protection (right branch)
 C - an uncursed ring of flight
 F - an amulet of faith (around neck)
 G - an uncursed ring of ice
Wands
 m - a wand of flame (3)
 y - a wand of iceblast (32)
 B - a wand of paralysis (7)
 D - a wand of scattershot (7)
 K - a wand of enslavement (9)
Scrolls
 a - a scroll of immolation {unknown}
 b - 9 scrolls of teleportation
 e - 4 scrolls of identify
 l - 4 scrolls of amnesia
 p - a scroll of enchant weapon
 r - 5 scrolls of remove curse
 u - a scroll of enchant armour
 v - a scroll of random uselessness
 J - a scroll of magic mapping
 M - a scroll of fog {unknown}
 N - a scroll of brand weapon {unknown}
 P - a scroll of blinking
Potions
 g - 2 potions of resistance
 h - a potion of cancellation
 i - 4 potions of magic
 k - 4 potions of brilliance
 n - 3 potions of flight
 z - a potion of mutation {unknown}
 H - 2 potions of lignification
 I - 2 potions of agility
 L - a potion of berserk rage {unknown}
Comestibles
 f - 23 rations


   Skills:
 + Level 9.7(14.7) Fighting
 * Level 13.9(18.9) Axes
 - Level 10.0(15.0) Armour
 - Level 5.4(10.4) Shields
 * Level 2.8 Invocations
 - Level 3.0 Evocations


You had 10 spell levels left.
You didn't know any spells.
Your spell library contained the following spells:

 Spells                   Type           Power        Failure   Level  Hunger
 Magic Dart               Conj           #...         67%         1    ##.....
 Blink                    Tloc           N/A          82%         2    ###....
 Call Imp                 Summ           #.......     82%         2    ###....
 Slow                     Hex            #.......     82%         2    ###....
 Conjure Flame            Conj/Fire      #.......     96%         3    ####...
 Mephitic Cloud           Conj/Pois/Air  #.......     96%         3    ####...


Dungeon Overview and Level Annotations

Branches:
Dungeon (10/15)            Temple (1/1) D:5            Lair (0/6) D:8
    Orc (0/2) D:10

Altars:
Ashenzari
Cheibriados
Dithmenos
Elyvilon
Fedhas
Gozag
Hepliaklqana
Kikubaaqudgha
Makhleb
Nemelex Xobeh
Okawaru
Qazlal
Ru
Sif Muna
Trog
Uskayaw
Vehumet
Wu Jian
Xom
Yredelemnul
Zin
The Shining One
Beogh

Shops:
D:5 :   D:8 =   D:10 *

Annotations:
D:4 1 runed translucent door, Alsoa's ghost, weakling OgBe
D:10 4 runed translucent doors


Innate Abilities, Weirdness & Mutations

((You reflexively headbutt those who attack you in melee.))
((You have a pair of horns on your head.))


Message History

Your +2 ring mail of poison resistance melds into your body.
You no longer feel resistant to poison.
Your roots penetrate the ground.
The orc hits you but does no damage.
Unknown command.
You slash the orc!
You kill the orc!
Okawaru accepts your kill.
You hit the orc.
You kill the orc!
Okawaru accepts your kill.
That item cannot be evoked!
The orc priest hits you.
* * * LOW HITPOINT WARNING * * *
You barely miss the orc priest. You completely miss the orc priest.
You block the orc priest's attack.
You hit the orc priest but do no damage.
You block the orc priest's attack.
You hit the orc priest but do no damage.
You closely miss the orc priest. The orc priest hits you.
You die...

#... ##.(. #....
#.... #....
############....
#..†.oo)))......
####[#######[##....
#.♣oo).............
###8'8#####8'8##...
......8...oo.####
#.............#
#...⌠.._..⌠...#
#.............#
#......>.....
#############


You could see an orc priest and an orc.

Vanquished Creatures
  An unseen horror (D:10)
  An orc knight (D:10)
  Maurice (D:8)
  A troll (D:9)
  A hornet (D:9)
  Grinder (D:4)
  2 hippogriffs
  A wyvern (D:10)
  Eustachio (D:4)
  8 orc warriors
  An ice beast (D:9)
  3 phantoms
  4 sky beasts
  2 black bears
  A necrophage (D:9)
  An eye of draining (D:9)
  5 ogres
  A centaur (D:10)
  A big kobold (D:8)
  9 bullfrogs
  A wyvern zombie (D:10)
  A scorpion (D:6)
  2 water moccasin skeletons
  9 killer bees
  A wight (D:10)
  A howler monkey (D:7)
  4 crimson imps
  A quasit (D:8)
  9 orc priests
  15 orc wizards
  A gnoll shaman (D:10)
  11 hounds
  2 jellies
  2 centaur skeletons
  2 iguanas
  Ijyb (D:5)
  Terence (D:2)
  8 worker ants
  A hound skeleton (D:6)
  A worker ant zombie (D:8)
  5 gnolls (D:10)
  18 adders
  3 shadow imps
  4 oozes
  2 adder zombies (D:7)
  2 adder skeletons
  3 worms
  2 dart slugs (D:3)
  4 leopard geckos
  60 orcs
  7 bats
  2 giant cockroaches
  4 goblins
  4 hobgoblins
  6 jackals
  13 kobolds
  4 quokkas
  A ball python (D:4)
  7 frilled lizards
  A jackal zombie (D:6)
  A leopard gecko zombie (D:7)
  2 quokka zombies (D:6)
  5 rats
280 creatures vanquished.

Notes
Turn   | Place    | Note
-------+----------+-------------------------------------------
     0 | D:1      | inevitable the Minotaur Fighter began the quest for the
                  | Orb.
     0 | D:1      | Reached XP level 1. HP: 19/19 MP: 0/0
   229 | D:1      | Reached skill level 3 in Axes
   277 | D:1      | Reached XP level 2. HP: 26/26 MP: 1/1
   484 | D:1      | Reached skill level 4 in Axes
   828 | D:2      | Reached XP level 3. HP: 31/31 MP: 2/2
  1316 | D:2      | Noticed Terence
  1322 | D:2      | Killed Terence
  1322 | D:2      | Reached skill level 5 in Axes
  1322 | D:2      | Reached XP level 4. HP: 39/39 MP: 3/3
  1894 | D:3      | Noticed a hippogriff
  1905 | D:3      | Killed a hippogriff
  1905 | D:3      | Reached skill level 7 in Axes
  1905 | D:3      | Reached XP level 5. HP: 44/45 MP: 4/4
  1922 | D:3      | Reached XP level 6. HP: 51/51 MP: 5/5
  1931 | D:3      | Reached skill level 8 in Axes
  2164 | D:3      | Noticed an orc warrior
  2314 | D:3      | Killed an orc warrior
  2791 | D:4      | Reached skill level 9 in Axes
  2791 | D:4      | Reached XP level 7. HP: 57/57 MP: 6/6
  2826 | D:4      | Found a glowing silver altar of Zin.
  3033 | D:4      | Noticed Eustachio
  3042 | D:4      | Killed Eustachio
  3042 | D:4      | Reached skill level 10 in Axes
  3109 | D:4      | Found a basalt altar of Yredelemnul.
  3112 | D:4      | Noticed Grinder
  3115 | D:4      | Paralysed by Grinder for 6 turns
  3134 | D:4      | Killed Grinder
  3134 | D:4      | Reached skill level 11 in Axes
  3151 | D:4      | Reached XP level 8. HP: 27/64 MP: 7/7
  4098 | D:4      | Found a runed translucent door.
  4099 | D:4      | Noticed Alsoa's ghost (weakling OgBe)
  4153 | D:5      | Entered Level 5 of the Dungeon
  4208 | D:5      | Found Bepluh's Book Boutique.
  4302 | D:5      | Reached skill level 12 in Axes
  4510 | D:5      | Noticed Ijyb
  4522 | D:5      | Killed Ijyb
  4641 | D:5      | Found a staircase to the Ecumenical Temple.
  4652 | Temple   | Entered the Ecumenical Temple
  4712 | Temple   | Became a worshipper of Warmaster Okawaru
  4824 | D:6      | Reached skill level 1 in Evocations
  5079 | D:6      | Reached skill level 5 in Armour
  5150 | D:6      | Reached * piety under Okawaru
  5150 | D:6      | Reached skill level 5 in Fighting
  5253 | D:6      | Found a sacrificial altar of Ru.
  5253 | D:6      | Found a blossoming altar of Fedhas.
  5329 | D:6      | Reached XP level 9. HP: 74/74 MP: 9/9
  5361 | D:6      | Found a stormy altar of Qazlal.
  5853 | D:7      | Reached ** piety under Okawaru
  6362 | D:8      | Found a staircase to the Lair.
  6365 | D:8      | Noticed Maurice
  6382 | D:8      | Killed Maurice
  6382 | D:8      | Reached *** piety under Okawaru
  6462 | D:8      | Found an ancient bone altar of Kikubaaqudgha.
  6571 | D:8      | Reached XP level 10. HP: 35/88 MP: 10/10
  6840 | D:8      | Found Pufroggi's Jewellery Shop.
  7123 | D:9      | Found a snail-covered altar of Cheibriados.
  7124 | D:9      | Found an ornate altar of the Wu Jian Council.
  7125 | D:9      | Found a shimmering blue altar of Sif Muna.
  7329 | D:9      | Reached skill level 5 in Shields
  7330 | D:9      | Reached **** piety under Okawaru
  7421 | D:9      | Reached skill level 10 in Armour
  7521 | D:9      | Found a shadowy altar of Dithmenos.
  8018 | D:9      | Reached skill level 1 in Invocations
  8311 | D:10     | Entered Level 10 of the Dungeon
  8430 | D:10     | Found a large runed translucent door.
  8430 | D:10     | Found a large runed translucent door.
  8458 | D:10     | Found Musukil's Mass Market.
  8469 | D:10     | Reached skill level 13 in Axes
  8517 | D:10     | Reached ***** piety under Okawaru
  8593 | D:10     | Killed an unseen horror
  8714 | D:10     | Received a gift from Okawaru
  8793 | D:10     | Found a large runed translucent door.
  8794 | D:10     | Found a large runed translucent door.
  9326 | D:10     | Found a roughly hewn altar of Beogh.
  9326 | D:10     | Found a staircase to the Orcish Mines.
  9326 | D:10     | Noticed an orc knight
  9341 | D:10     | Reached XP level 11. HP: 48/97 MP: 9/12
  9355 | D:10     | Killed an orc knight
  9380 | D:10     | HP: 2/99 [orc priest/divine providence (11)]
  9389 | D:10     | Slain by an orc priest

Levels and vault maps discovered:
D:1:      minmay_arrival_open_corners, layout_loops_corners
D:2:      layout_basic, serial_forest, infiniplex_forest_end_2,
          infiniplex_forest_side_room, infiniplex_forest_clump_medium,
          infiniplex_forest_join, infiniplex_forest_lined_corner,
          infiniplex_forest_clump_double, infiniplex_forest_straight_2,
          infiniplex_forest_straight_2, infiniplex_forest_corner_2,
          chequers_serial_rivers_micro_b, uniq_terence
D:3:      layout_basic
D:4:      layout_loops_corners, kennysheep_mini_moat, lemuel_doored_altar,
          gammafunk_ghost_grave, first_ration, uniq_grinder, uniq_eustachio
D:5:      layout_rooms, lemuel_temple_firewalk_b, serial_shops, shop, uniq_ijyb
D:6:      layout_basic, amethyst_overflow_temple_binary, kennysheep_little_box
D:7:      layout_basic
D:8:      layout_rooms, kiku_gazebo_pond_becter, dpeg_oklobed_lair,
          serial_shops, nicolae_shop_trees, kennysheep_diamond, grunt_ogre_cave,
          uniq_maurice
D:9:      layout_roguey, chequers_temple_overflow_statue_of_worship,
          roderic_lattice_a, nicolae_dithmenos_through_a_glass_darkly
D:10:     layout_basic, david_orc_5, minmay_shop_mass,
          minmay_hollow_rounded_squares
Temple:   cyrus_circular_temple

Skill      XL: |  1  2  3  4  5  6  7  8  9 10 |
---------------+-------------------------------+-----
Axes           | 3 4 5 7 9 11 12 13 | 13.9
Fighting       | 5 8 9 |  9.7
Armour         | 5 9 10 | 10.0
Evocations     | 1 2 3 |  3.0
Shields        | 4 5 |  5.4
Invocations    | 2 |  2.8

Action                   |  1- 3 |  4- 6 |  7- 9 | 10-12 || total
-------------------------+-------+-------+-------+-------++-------
Melee: War axe           |    48 |    75 |   386 |   204 ||   713
       Headbutt          |     7 |    10 |    72 |    57 ||   146
       Hand axe          |       |       |     7 |    87 ||    94
Throw: Dart              |       |     3 |     5 |       ||     8
Invok: Heroism           |       |       |       |     7 ||     7
Evoke: Wand              |       |       |    16 |     1 ||    17
  Use: Scroll            |     2 |     6 |     6 |     1 ||    15
       Potion            |       |     3 |       |     2 ||     5
  Eat: Chunk             |     1 |     4 |    13 |     9 ||    27
Armor: Scale mail        |    11 |     8 |       |       ||    19
       Chain mail        |       |    16 |       |       ||    16
       Ring mail         |       |     2 |   143 |    86 ||   231
       Skin              |       |       |       |     1 ||     1
Dodge: Dodged            |     9 |    25 |    91 |    59 ||   184
Block: Shield            |    28 |    33 |   150 |   121 ||   332

Table legend:
 A = Non-vault XP
 B = Vault XP
 C = Vault XP percentage of total XP
 D = Non-vault monster count
 E = Vault monster count
 F = Vault count percentage of total count
                 A         B        C        D         E       F
            +---------+---------+-------+---------+---------+-------
      Total |    8984 |    2726 |  23.3 |     247 |      33 |  11.8
            +---------+---------+-------+---------+---------+-------
        D:1 |      39 |       0 |   0.0 |      16 |       0 |   0.0
        D:2 |      51 |      36 |  41.4 |      15 |       1 |   6.2
        D:3 |     537 |       0 |   0.0 |      28 |       0 |   0.0
        D:4 |     601 |     448 |  42.7 |      24 |       2 |   7.7
        D:5 |     247 |      36 |  12.7 |      16 |       1 |   5.9
        D:6 |     932 |       0 |   0.0 |      29 |       0 |   0.0
        D:7 |    1064 |       0 |   0.0 |      26 |       0 |   0.0
        D:8 |    1196 |     762 |  38.9 |      37 |       3 |   7.5
        D:9 |    2090 |       0 |   0.0 |      29 |       0 |   0.0
       D:10 |    2227 |    1444 |  39.3 |      27 |      26 |  49.1
            +---------+---------+-------+---------+---------+-------
